 Dungeon Crawl Stone Soup version 0.22-a0-284-g99d1f74 (webtiles) character file.

30 Edelens the Cudgeler (level 3, -2/22 HPs)
             Began as a Gargoyle Gladiator on Mar 21, 2018.
             Slain by an adder (3 damage)
             ... on level 2 of the Dungeon.
             The game lasted 00:07:13 (950 turns).

Edelens the Cudgeler (Gargoyle Gladiator)            Turns: 950, Time: 00:07:13

Health: -2/22      AC:  7    Str: 18    XL:     3   Next: 18%
Magic:  3/3        EV: 12    Int:  8    God:
Gold:   73         SH:  0    Dex: 11    Spells: 2/2 levels left

rFire    . . .     SeeInvis .   a - +0 flail
rCold    . . .     Gourm    .   (no shield)
rNeg     + . .     Faith    .   b - +0 leather armour
rPois    ∞         Spirit   .   c - +0 helmet
rElec    +         Reflect  .   (no cloak)
rCorr    .         Harm     .   (no gloves)
MR       .....                  (no boots)
Stlth    +.........             (no amulet)
HPRegen  0.07/turn              (no ring)
MPRegen  0.08/turn              (no ring)

@: no status effects
A: negative energy resistance 1, electricity resistance, unbreathing,
petrification resistance, rot immunity, AC +3
a: no special abilities


You were on level 2 of the Dungeon.
You were not hungry.

You visited 1 branch of the dungeon, and saw 2 of its levels.

You collected 73 gold pieces.

Inventory:

Hand Weapons
 a - a +0 flail (weapon)
 e - a +0 club
Missiles
 d - 3 throwing nets (quivered)
Armour
 b - a +0 leather armour (worn)
 c - a +0 helmet (worn)
Jewellery
 i - an uncursed ring of protection from cold {unknown}
Scrolls
 g - 3 scrolls of identify
 h - a scroll of blinking
Comestibles
 f - 3 rations


   Skills:
 + Level 2.5 Fighting
 + Level 3.4 Maces & Flails
 + Level 1.9 Throwing
 + Level 0.6 Armour
 + Level 2.7 Dodging


You had 2 spell levels left.
You didn't know any spells.

Dungeon Overview and Level Annotations

Branches:
Dungeon (2/15)

Altars:


Innate Abilities, Weirdness & Mutations

You are resistant to torment.
Your stone body is resilient. (AC +3)
You are immune to poison.
You resist negative energy. (rN+)
You are resistant to electric shocks. (rElec)
You can survive without breathing.
You are immune to petrification.
You are immune to rotting.


Message History

An adder comes into view.
You miss the adder. The adder misses you.
You closely miss the adder. The adder closely misses you.
The adder bites you but does no damage.
You completely miss the adder. The adder barely misses you.
The adder bites you but does no damage.
You barely miss the adder. The adder misses you.
You closely miss the adder. The adder bites you. x2
* * * LOW HITPOINT WARNING * * *
You hit the adder.
The adder is heavily wounded.
The adder barely misses you. The adder bites you but does no damage.
You barely miss the adder.
The adder is heavily wounded.
The adder bites you.
* * * LOW HITPOINT WARNING * * *
You miss the adder.
The adder is heavily wounded.
The adder bites you.
You die...

.......##### .......#
#.......#..
.......######..........
.......................
.......................
......................
..#..................
###..............#
#............S@#
################


You could see an adder.

Vanquished Creatures
  A ball python (D:2)
  3 hobgoblins (D:1)
  5 jackals
  7 bats
  3 goblins
  3 kobolds (D:1)
  4 rats
26 creatures vanquished.

Notes
Turn   | Place    | Note
-------+----------+-------------------------------------------
     0 | D:1      | Edelens the Gargoyle Gladiator began the quest for the Orb.
     0 | D:1      | Reached XP level 1. HP: 12/12 MP: 1/1
     4 | D:1      | Noticed a demigod
     6 | D:1      | Noticed a gargoyle
     6 | D:1      | Noticed a halfling
    10 | D:1      | Noticed an ogre
    10 | D:1      | Noticed a troll
    12 | D:1      | Noticed a vampire
    14 | D:1      | Noticed a felid
    14 | D:1      | Noticed an elf
    38 | D:1      | Noticed a centaur
    38 | D:1      | Noticed a vine stalker
    40 | D:1      | Noticed a demonspawn
    40 | D:1      | Noticed a draconian
    42 | D:1      | Noticed a human
    42 | D:1      | Noticed a naga
    44 | D:1      | Noticed a formicid
    44 | D:1      | Noticed an octopode
    46 | D:1      | Noticed a spriggan
    46 | D:1      | Noticed a merfolk
    48 | D:1      | Noticed a ghoul
    50 | D:1      | Noticed a dwarf
    52 | D:1      | Noticed a minotaur
    52 | D:1      | Noticed a tengu
   393 | D:1      | Reached XP level 2. HP: 15/17 MP: 2/2
   870 | D:2      | Reached XP level 3. HP: 6/22 MP: 3/3
   949 | D:2      | HP: 1/22 [adder (3)]
   950 | D:2      | Slain by an adder

Vault maps used:
D:1:      kb_arrival_jail
D:2:      okawaru_trees_1, first_ration

Action                   || total
-------------------------++-------
Melee: Flail             ||    90
  Use: Scroll            ||     2
Armor: Leather armour    ||   109
Dodge: Dodged            ||   142

Table legend:
 A = Spawn XP
 B = Non-spawn XP
 C = Spawn XP percentage of total XP
 D = Spawn monster count
 E = Non-spawn monster count
 F = Spawn count percentage of total count
 G = Total turns spent on level
                    A         B        C        D         E        F      G
               +---------+---------+-------+---------+---------+-------+---------
         Total |       0 |      43 |   0.0 |       0 |      26 |   0.0 |   950
               +---------+---------+-------+---------+---------+-------+---------
           D:1 |       0 |      26 |   0.0 |       0 |      16 |   0.0 |   848
           D:2 |       0 |      17 |   0.0 |       0 |      10 |   0.0 |   102
               +---------+---------+-------+---------+---------+-------+---------
